 Dungeon Crawl Stone Soup version 0.30.1-3-gfc49f6343a (webtiles) character file.

Game seed: 18414113545192291716

105396 shmup the Devastator (level 16, -8/99 HPs)
             Began as a Tengu Fire Elementalist on Aug 7, 2023.
             Was the Champion of Nemelex Xobeh.
             Mangled by a bunyip (15 damage)
             ... called by a spriggan druid
             ... on level 1 of the Swamp on Aug 8, 2023.
             The game lasted 02:56:48 (39778 turns).

shmup the Devastator (Tengu Fire Elementalist)     Turns: 39778, Time: 02:56:49

Health: -8/99      AC: 13    Str: 15    XL:     16   Next: 41%
Magic:  4/36       EV: 23    Int: 22    God:    Nemelex Xobeh [******]
Gold:   302        SH:  5    Dex: 18    Spells: 6/29 levels left

rFire   + + .        a - +10 flail of Moral Flaws {heavy, Fragile rPois rC+++}
rCold   + + +        G - orb "Sout" {light, Str+4}
rNeg    . . .        e - +2 robe {rC+ rF+}
rPois   +            X - +2 hat
rElec   .            f - scarf {+Inv}
rCorr   .            z - +2 pair of gloves
SInv    .            (boots unavailable)
Will    +....        p - amulet of reflection
Stlth   +            j - ring of Qazlal's Benevolence {*Corrode MP+9 AC+4 Dex+4}
HPRegen 0.36/turn    w - ring of fire
MPRegen 0.25/turn

%: corrode self (3%), reflection
@: flying quickly and evasively, glowing, studying Axes, quick
A: beak, talons 3, nimble flight
a: Renounce Religion, Evoke Invisibility, Draw Escape, Draw Destruction, Draw
Summoning, Triple Draw, Deal Four, Stack Five


You were on level 1 of the Swamp.
You worshipped Nemelex Xobeh.
Nemelex Xobeh was exalted by your worship.
You visited 6 branches of the dungeon, and saw 25 of its levels.

You collected 2616 gold pieces.
You spent 2314 gold pieces at shops.

Inventory:

Hand Weapons
 a - the +10 flail of Moral Flaws (weapon) {heavy, Fragile rPois rC+++}
   (You bought it in a shop on level 2 of the Orcish Mines)

   rC:        It renders you almost immune to cold.
   rPois:     It protects you from poison.
   Fragile:   It will be destroyed if unequipped.
 s - the +11 long sword "Fafiygg" {venom, rPois}
   (You found it on level 1 of the Swamp)

   rPois:     It protects you from poison.
 W - a +4 dagger of distortion
Missiles
 u - 12 boomerangs (quivered)
 A - 30 poisoned darts
 C - 4 silver javelins
 F - a throwing net
 U - 5 curare-tipped darts
Armour
 e - a +2 robe of resistance (worn)
 f - a scarf of invisibility (worn)
 z - a +2 pair of gloves (worn)
 G - the orb "Sout" (worn) {light, Str+4}
   (You bought it in a shop on level 2 of the Orcish Mines)

   Str:       It affects your strength (+4).
 X - a +2 hat (worn)
Magical Staves
 b - a staff of fire
 k - a staff of conjuration
 v - a staff of death
Jewellery
 j - the ring of Qazlal's Benevolence (left hand) {*Corrode MP+9 AC+4 Dex+4}
   (You found it on level 4 of the Dungeon)

   [ring of protection]

   AC:        It affects your AC (+4).
   Dex:       It affects your dexterity (+4).
   MP:        It affects your magic capacity (+9).
   *Corrode:  It may corrode you when you take damage.
 o - a ring of willpower
 p - an amulet of reflection (around neck)
 w - a ring of fire (right hand)
 D - a +5 ring of evasion
 K - a ring of see invisible
 M - an amulet of regeneration
 Y - a +6 ring of dexterity
Wands
 q - a wand of paralysis (41)
 t - a wand of flame (32)
 N - a wand of acid (15)
 Q - a wand of iceblast (21)
 V - a wand of mindburst (4)
Scrolls
 h - a scroll of blinking
 i - 8 scrolls of identify
 l - 6 scrolls of teleportation
 m - 2 scrolls of enchant armour
 y - 4 scrolls of magic mapping
 E - a scroll of poison
 L - 3 scrolls of amnesia
 O - 3 scrolls of fog
Potions
 c - 4 potions of berserk rage
 d - 6 potions of invisibility
 g - 4 potions of resistance
 n - 2 potions of magic
 r - 6 potions of brilliance
 x - 5 potions of haste
 B - 6 potions of heal wounds
 I - a potion of cancellation
 J - 2 potions of curing
 T - a potion of might
 Z - 7 potions of ambrosia


   Skills:
 - Level 10.9 Fighting
 - Level 5.2 Long Blades
 + Level 3.2 Maces & Flails
 - Level 12.1 Dodging
 - Level 2.0 Stealth
 - Level 4.0 Shields
 - Level 7.0 Spellcasting
 - Level 17.9 Conjurations
 - Level 5.0 Hexes
 - Level 2.1 Transmutations
 - Level 14.0 Fire Magic
 - Level 3.4 Air Magic
 - Level 2.4 Earth Magic
 - Level 2.4 Poison Magic
 - Level 9.5 Invocations


You had 6 spell levels left.
You knew the following spells:

 Your Spells              Type           Power      Damage    Failure   Level
a - Foxfire               Conj/Fire      100%       2x1d9     0%          1
b - Scorch                Fire           100%       2d9       1%          2
c - Inner Flame           Hex/Fire       65%        N/A       1%          3
d - Stone Arrow           Conj/Erth      100%       3d13      1%          3
e - Mephitic Cloud        Conj/Pois/Air  42%        N/A       1%          3
f - Ignite Poison         Fire/Tmut/Pois 51%        N/A       1%          3
g - Fulminant Prism       Conj/Hex       27%        3d14      1%          4
w - Flame Wave            Conj/Fire      86%        2d18      1%          4

Your spell library contained the following spells:

 Spells                   Type           Power      Damage    Failure   Level
 Magic Dart               Conj           100%       1d8       0%          1
 Searing Ray              Conj           100%       2d8       0%          2
 Static Discharge         Conj/Air       100%       2-7/arc   1%          2
 Dazzling Flash           Conj/Hex       100%       N/A       1%          3
 Volatile Blastmotes      Fire/Tloc      100%       2d18      1%          3
 Sticky Flame             Conj/Fire      86%        2d10      1%          4
 Sandblast                Erth           36%        2d10      3%          1
 Poisonous Vapours        Pois/Air       40%        N/A       3%          2
 Irradiate                Conj/Tmut      25%        3d20      3%          5
 Ensorcelled Hibernation  Hex/Ice        36%        N/A       4%          2
 Passwall                 Tmut/Erth      14%        N/A       4%          2
 Wereblood                Tmut           17%        N/A       5%          2
 Spider Form              Tmut/Pois      17%        N/A       10%         3
 Lesser Beckoning         Tloc           14%        N/A       12%         2
 Sublimation of Blood     Necr           7%         N/A       12%         2
 Freezing Cloud           Conj/Ice/Air   19%        6-21      12%         5
 Leda's Liquefaction      Hex/Erth       12%        N/A       19%         4
 Airstrike                Air            11%        2d(2-18)  21%         4
 Gell's Gravitas          Tloc           7%         N/A       24%         3
 Teleport Other           Tloc           7%         N/A       24%         3
 Anguish                  Hex/Necr       9%         N/A       28%         4
 Summon Lightning Spire   Summ/Air       15%        N/A       38%         4
 Silence                  Hex/Air        13%        N/A       38%         5
 Lee's Rapid Deconstruct  Erth           9%         3d7*      63%         5
 Blade Hands              Tmut           8%         N/A       67%         5
 Agony                    Necr           7%         N/A       92%         5
 Statue Form              Tmut/Erth      11%        N/A       99%         6
 Summon Cactus Giant      Summ           3%         N/A       100%        6
 Ignition                 Fire           40%        3d12      86%         8
 Dragon Form              Tmut           8%         N/A       100%        7
 Summon Hydra             Summ           3%         N/A       100%        7
 Chain Lightning          Conj/Air       26%        3d35      100%        9
 Fire Storm               Conj/Fire      43%        8d11      100%        9
 Shatter                  Erth           9%         3d11*     100%        9


Dungeon Overview and Level Annotations

Branches:
Dungeon (15/15) Zot: 23328  Temple (1/1) D:4 Zot: 5892    Lair (5/5) D:10 Zot: 17494
  Swamp (1/4) Lair:3 Zot: 5027  Spider (1/4) Lair:2 Zot: 5976   Slime (0/5) Lair:5
    Orc (2/2) D:12 Zot: 8658     Elf (0/3) Orc:2        Vaults (0/5) D:14
 Depths (0/4) D:15

Altars:
Ashenzari
Cheibriados
Dithmenos
Elyvilon
Fedhas
Gozag
Hepliaklqana
Kikubaaqudgha
Makhleb
Nemelex Xobeh
Okawaru
Qazlal
Ru
Sif Muna
Trog
Uskayaw
Vehumet
Wu Jian
Xom
Yredelemnul
Zin
The Shining One
Jiyva

Shops:
D:4 [   Orc:1 !:   Orc:2 ([?*[

Annotations:
D:10 exclusion: obsidian statue
D:13 3 runed translucent doors, monsoonserge's ghost, journeyman MiFi


Innate Abilities, Weirdness & Mutations

You have a beak for a mouth.
You have claws for feet.
Your magical nature lets you fly swiftly and evasively.


Message History

The swamp worm is poisoned.
The bunyip howls a warning cry!
The spriggan looks even sicker.
The swamp worm is engulfed in poison gas.
The swamp worm looks even sicker.
The swamp worm fires a harpoon shot at you.
The harpoon shot misses you.
You hear an angry buzzing noise.
The swamp worm is engulfed in poison gas.
The swamp worm looks even sicker.
The swamp worm is engulfed in poison gas.
The swamp worm looks as sick as possible!
The bunyip howls a warning cry!
You hear an angry buzzing noise.
Casting: Flame Wave (safe; 1% risk of failure)
Confirm with . or Enter, or press ? or * to list all spells.
Casting: Flame Wave (safe; 1% risk of failure)
Press: ? - help, Dir - look around, f - activate You feel a surge of power!
A wave of flame ripples out!
The mangrove smoulders and burns. (Press . to intensify the flame waves.)
The bunyip no longer looks unusually strong.
The swamp worm no longer looks unusually strong.
A wave of flame ripples out!
The flame wave engulfs the bunyip!
The bunyip is moderately wounded.
The flame wave engulfs the bunyip!
The bunyip is lightly wounded.
The mangrove smoulders and burns.
The flame wave engulfs the spriggan!!
You kill the spriggan!
You hear a splash. x4
The bunyip barely misses you. The bunyip claws you!!
* * * LOW HITPOINT WARNING * * *
The bunyip claws you!!
* * * LOW HITPOINT WARNING * * *
The bunyip is engulfed in a cloud of scalding steam.
The bunyip claws you!
* * * LOW HITPOINT WARNING * * *
The bunyip claws you!
You die...
Your body glows with a rainbow of weird colours and disappears. .~7777....77#.....~77~77777..~~~~ .~7 77..~.~7....~.~....~~~.~#..~▒ 777

7...7..~..~.~........~.~..~~. 7
777...~~..~......7....~.....~~▒
777......7.~~~.~7....~.#...)☼...▒
#7~.#..~...~~.~777..~~~.0...0...▒
#~.....~~.~~~.#§###~~~0~~....~7.▒
~~.........~~.###x#.D~~.~.~~#~7.▒
~.[....~7..~...#Qx#.x~wi~07..7i..
~.....~~....~..####..~~~.77777~~i
#~~~.~~.~~..~~######.~~~~7 x.
~~~..~.[~~..~~[~~~~~.~.~77 .
~~..7~.#~~~7.~#~~.....777


777 ~~..7~~...77.~~.......7 ~.~. ~~...777777.~~~....~..77.D#~. ..~777
7.~~.~~~.7..~...... #~~7 77#~~.~~.7..~~77~~ You could see 2 bunyips.

Vanquished Creatures
  A very ugly thing (D:14)
  Louise (Swamp:1)
  Azrael (Orc:2)
  A bunyip (Swamp:1)
  2 fire dragons (Lair:5)
  A great orb of eyes (D:15)
  8 hydras
  2 rakshasas (D:15)
  An anaconda (Lair:4)
  6 catoblepae
  3 centaur warriors
  2 boulder beetles
  2 two-headed ogres
  An alligator (Swamp:1)
  2 tengu warriors (D:15)
  3 orc high priests (Orc:2)
  A goliath frog (Swamp:1)
  Sonja (Lair:4)
  5 skeletal warriors
  5 swamp dragons
  2 spriggan druids (Swamp:1)
  A bog body (Swamp:1)
  A mana viper (D:14)
  A wizard (D:14)
  A necromancer (D:14)
  2 oklob plants
  A lindwurm (Lair:5)
  4 orc knights (Orc:2)
  9 ugly things
  3 orc sorcerers (Orc:2)
  A faun (shapeshifter) (D:15)
  4 deep elf pyromancers
  4 cyclopes
  A manticore (D:14)
  A will-o-the-wisp (Swamp:1)
  21 elephants
  7 black mambas
  6 torpor snails (Lair:5)
  2 gargoyles
  Maggie (Lair:2)
  6 cane toads
  4 rime drakes
  2 unseen horrors
  Psyche (D:8)
  An unseen horror zombie (D:8)
  A freezing wraith (D:14)
  6 komodo dragons
  2 tengu conjurers
  A queen bee (Lair:1)
  3 polar bears
  4 trolls
  4 tyrant leeches (Lair:5)
  9 hornets
  Grinder (D:6)
  19 slime creatures
  A dream sheep (Lair:5)
  12 blink frogs
  2 jumping spiders (Lair:2)
  2 shadows (D:11)
  A centaur simulacrum (D:15)
  4 spriggans (Swamp:1)
  Sigmund (D:2)
  5 basilisks
  49 yaks
  2 wraiths
  4 wyverns
  A fire bat (D:8)
  4 fire elementals
  Grum (D:8)
  2 steam dragons (Lair:5)
  4 vampire mosquitoes
  5 swamp worms (Swamp:1)
  25 water moccasins
  3 hell hounds
  3 acid dragons
  22 orc warriors
  5 sky beasts
  4 swamp drakes
  7 ice beasts
  2 black bears
  6 ogres
  6 centaurs
  25 wolves
  3 phantoms
  2 kobold brigands
  4 scorpions
  A gnoll sergeant (D:12)
  16 bullfrogs
  5 wights
  36 killer bees
  3 howler monkeys
  6 electric eels
  4 centaur zombies (D:8)
  A gnoll bouda (D:7)
  22 orc priests
  5 hounds
  6 jellies
  A sleepcap (D:6)
  Jessica (D:2)
  Natasha (thrice) (D:2)
  8 iguanas
  22 orc wizards
  3 howler monkey zombies (D:8)
  6 gnolls
  7 adders
  3 shadow imps
  A white imp (D:7)
  An ufetubus (D:5)
  3 worms
  A dart slug (D:3)
  73 orcs
  11 endoplasms
  3 giant cockroaches
  5 goblins
  7 hobgoblins
  5 jackals (D:2)
  17 kobolds
  7 quokkas
  8 ball pythons
  3 bats
  4 frilled lizards
  5 rats
  A foxfire (D:12)
  4 fulminant prisms
721 creatures vanquished.

Vanquished Creatures (collateral kills)
  Donald (Orc:2)
  A boulder beetle (Lair:2)
  An orc high priest (Orc:1)
  An orc knight (Orc:2)
  An elephant (Lair:4)
  A demonic crawler (Lair:2)
  An unseen horror (D:12)
  5 yaks
  A vampire (D:12)
  4 orc warriors
  2 orc priests
  An orc wizard (Orc:1)
  5 orcs
  5 foxfires
30 creatures vanquished.

Vanquished Creatures (others)
  A basilisk (Lair:5)
  A killer bee (Lair:1)
  An orc priest (Orc:1)
  888 foxfires
  50 fulminant prisms
941 creatures vanquished.

Grand Total: 1692 creatures vanquished

Notes
Turn   | Place    | Note
-------+----------+-------------------------------------------
     0 | D:1      | shmup the Tengu Fire Elementalist began the quest for the
                  | Orb.
     0 | D:1      | Reached XP level 1. HP: 10/10 MP: 4/4
   223 | D:1      | Reached XP level 2. HP: 15/15 MP: 3/6
   288 | D:1      | Reached skill level 2 in Conjurations
   314 | D:1      | Learned a level 2 spell: Scorch
   713 | D:2      | Noticed Jessica
   785 | D:2      | Reached XP level 3. HP: 13/19 MP: 5/7
   835 | D:2      | Identified the +5 ring mail "Romoram" {Regen+ Str+2}
  1093 | D:2      | Found a sparkling altar of Nemelex Xobeh.
  1100 | D:2      | Became a worshipper of Nemelex Xobeh the Trickster
  1268 | D:2      | Reached skill level 5 in Dodging
  1268 | D:2      | Reached skill level 6 in Conjurations
  1268 | D:2      | Reached XP level 4. HP: 30/30 MP: 8/8
  1307 | D:2      | Noticed Sigmund
  1311 | D:2      | Killed Sigmund
  1312 | D:2      | Gained mutation: Your magical nature lets you fly swiftly
                  | and evasively. [Tengu growth]
  1312 | D:2      | Reached XP level 5. HP: 30/34 MP: 1/9
  1312 | D:2      | Reached XP level 6. HP: 35/39 MP: 1/10
  1485 | D:2      | Reached skill level 7 in Conjurations
  1494 | D:2      | Noticed Natasha
  1528 | D:2      | Killed Natasha
  1634 | D:2      | Killed Jessica
  1845 | D:2      | Noticed Natasha
  1849 | D:2      | Killed Natasha
  1908 | D:2      | Noticed Natasha
  1912 | D:2      | Killed Natasha
  2187 | D:3      | Found a shimmering blue altar of Sif Muna.
  2447 | D:3      | Reached * piety under Nemelex Xobeh
  2447 | D:3      | Received a gift from Nemelex Xobeh
  2656 | D:3      | Reached XP level 7. HP: 39/44 MP: 4/11
  3426 | D:3      | Learned a level 4 spell: Flame Wave
  3477 | D:4      | Found a staircase to the Ecumenical Temple.
  3498 | Temple   | Entered the Ecumenical Temple
  4224 | D:4      | Found Gurph's Antique Armour Shoppe.
  4240 | D:4      | Identified the ring of Qazlal's Benevolence {*Corrode MP+9
                  | AC+4 Dex+4}
  4375 | D:4      | Learned a level 3 spell: Inner Flame
  4556 | D:5      | Entered Level 5 of the Dungeon
  4556 | D:5      | Reached ** piety under Nemelex Xobeh
  4576 | D:5      | Reached skill level 1 in Hexes
  4576 | D:5      | Reached XP level 8. HP: 48/48 MP: 11/12
  4734 | D:5      | Reached skill level 5 in Fighting
  5147 | D:5      | Received a gift from Nemelex Xobeh
  5158 | D:5      | Found a sacrificial altar of Ru.
  5338 | D:5      | Found a snail-covered altar of Cheibriados.
  5359 | D:5      | Found a hazy altar of Hepliaklqana.
  5496 | D:5      | Found a snail-covered altar of Cheibriados.
  5636 | D:6      | Reached skill level 10 in Fire Magic
  5720 | D:6      | Found an ancient bone altar of Kikubaaqudgha.
  5777 | D:6      | Noticed Grinder
  5777 | D:6      | Paralysed by Grinder for 2 turns
  5783 | D:6      | Killed Grinder
  5902 | D:6      | Found a bloodstained altar of Trog.
  5999 | D:6      | Reached skill level 8 in Conjurations
  6291 | D:6      | Reached XP level 9. HP: 54/54 MP: 13/13
  7099 | D:7      | Learned a level 3 spell: Stone Arrow
  7340 | D:7      | Reached *** piety under Nemelex Xobeh
  7344 | D:7      | Received a gift from Nemelex Xobeh
  7757 | D:7      | Reached skill level 5 in Spellcasting
  7757 | D:7      | Reached XP level 10. HP: 40/60 MP: 18/18
  8072 | D:7      | Noticed a gargoyle
  8085 | D:7      | Killed a gargoyle
  8086 | D:7      | Reached skill level 1 in Earth Magic
  8141 | D:7      | Identified the +3 ring mail of Midwinter {Regen+ Str-4
                  | SInv}
  8223 | D:7      | Reached skill level 9 in Conjurations
  8872 | D:8      | Received a gift from Nemelex Xobeh
  8891 | D:8      | Noticed Maurice
  8892 | D:8      | Maurice changed into Maurice the fire bat
  8892 | D:8      | Noticed Maurice
  8902 | D:8      | Killed Maurice the fire bat
  9183 | D:8      | Noticed Grum
  9202 | D:8      | Killed Grum
  9635 | D:8      | Found a basalt altar of Yredelemnul.
  9727 | D:8      | Received a gift from Nemelex Xobeh
 10091 | D:8      | Noticed Psyche
 10098 | D:8      | Killed Psyche
 10222 | D:8      | Reached **** piety under Nemelex Xobeh
 10478 | D:9      | Reached XP level 11. HP: 65/66 MP: 15/19
 10608 | D:9      | Noticed a two-headed ogre
 10616 | D:9      | Killed a two-headed ogre
 10997 | D:9      | Received a gift from Nemelex Xobeh
 11214 | D:9      | Identified 2 scrolls of acquirement
 11214 | D:9      | Acquired a staff of fire
 11215 | D:9      | Acquired a book of Annihilations
 11337 | D:10     | Entered Level 10 of the Dungeon
 11507 | D:10     | Learned a level 3 spell: Mephitic Cloud
 11511 | D:10     | Learned a level 3 spell: Ignite Poison
 11811 | D:10     | Found a white marble altar of Elyvilon.
 11916 | D:10     | Reached skill level 1 in Air Magic
 12121 | D:10     | Reached skill level 1 in Transmutations
 12123 | D:10     | Reached skill level 10 in Conjurations
 12123 | D:10     | Reached skill level 1 in Poison Magic
 12130 | D:10     | Found a staircase to the Lair.
 12466 | D:10     | Noticed an obsidian statue
 12551 | D:10     | Found a burning altar of Makhleb.
 12648 | D:10     | Reached ***** piety under Nemelex Xobeh
 12761 | Lair:1   | Entered Level 1 of the Lair of Beasts
 12828 | Lair:1   | Noticed a catoblepas
 12879 | D:11     | Noticed a cyclops
 12880 | D:11     | Noticed a red ugly thing
 12889 | D:11     | Killed a cyclops
 12889 | D:11     | Killed a red ugly thing
 13037 | D:11     | Received a gift from Nemelex Xobeh
 13252 | D:11     | Noticed a boulder beetle
 13264 | D:11     | Killed a boulder beetle
 13694 | D:11     | Received a gift from Nemelex Xobeh
 14157 | D:12     | Noticed a catoblepas
 14167 | D:12     | Killed a catoblepas
 14168 | D:12     | Reached XP level 12. HP: 72/72 MP: 20/20
 14273 | D:12     | Received a gift from Nemelex Xobeh
 14334 | D:12     | Reached skill level 1 in Invocations
 14814 | D:12     | Noticed a two-headed ogre
 14818 | D:12     | Killed a two-headed ogre
 14975 | D:12     | Found a staircase to the Orcish Mines.
 15750 | D:13     | Reached skill level 5 in Invocations
 15751 | D:13     | Reached skill level 1 in Shields
 15858 | D:13     | Received a gift from Nemelex Xobeh
 16290 | D:13     | Noticed a centaur warrior
 17110 | Lair:1   | Killed a catoblepas
 17257 | Lair:1   | Received a gift from Nemelex Xobeh
 17883 | Lair:1   | Reached ****** piety under Nemelex Xobeh
 18009 | Lair:1   | Reached XP level 13. HP: 78/78 MP: 14/21
 18233 | Lair:1   | Received a gift from Nemelex Xobeh
 18634 | Lair:2   | Received a gift from Nemelex Xobeh
 18950 | Lair:2   | Reached skill level 11 in Conjurations
 18954 | Lair:2   | Noticed Maggie
 18967 | Lair:2   | Killed Maggie
 19131 | Lair:2   | Identified the +3 chain mail of Bad Feelings {rN++}
 19787 | Lair:2   | Found a hole to the Spider Nest.
 19816 | Lair:2   | Received a gift from Nemelex Xobeh
 20545 | Lair:3   | Found a staircase to the Swamp.
 21297 | Lair:3   | Received a gift from Nemelex Xobeh
 21507 | Lair:5   | Entered Level 5 of the Lair of Beasts
 21676 | Lair:4   | Received a gift from Nemelex Xobeh
 21692 | Lair:4   | Reached XP level 14. HP: 84/84 MP: 24/24
 21738 | Lair:4   | Noticed Sonja
 21744 | Lair:4   | Killed Sonja
 21759 | Lair:4   | Reached skill level 10 in Dodging
 21881 | Lair:4   | Reached skill level 12 in Conjurations
 23201 | Orc:1    | Entered Level 1 of the Orcish Mines
 23360 | Orc:1    | Identified the +4 executioner's axe "Fuasal Suco" {elec,
                  | +Blink rCorr Dex+2}
 23475 | Orc:1    | Found Puwa's Distillery.
 23610 | Orc:1    | Bought a potion of curing for 39 gold pieces
 23610 | Orc:1    | Bought 2 potions of invisibility for 208 gold pieces
 23610 | Orc:1    | Bought a potion of curing for 39 gold pieces
 23610 | Orc:1    | Bought a potion of magic for 104 gold pieces
 23610 | Orc:1    | Bought a potion of heal wounds for 65 gold pieces
 23610 | Orc:1    | Bought 2 potions of brilliance for 104 gold pieces
 23738 | Orc:1    | Received a gift from Nemelex Xobeh
 23739 | Orc:1    | Found Poupp's Vocational Training.
 24077 | Orc:2    | Entered Level 2 of the Orcish Mines
 24086 | Orc:2    | Found a staircase to the Elven Halls.
 24190 | Orc:2    | Noticed Donald
 24204 | Orc:2    | Killed Donald
 24373 | Orc:2    | Found Teussei's Antique Armour Emporium.
 24399 | Orc:2    | Bought a fading orb for 308 gold pieces
 24399 | Orc:2    | Identified the orb "Sout" {light, Str+4} (You bought it in
                  | a shop on level 2 of the Orcish Mines)
 24760 | Orc:2    | Noticed Azrael
 25212 | Lair:5   | Learned a level 4 spell: Fulminant Prism
 25873 | Lair:4   | Reached skill level 13 in Conjurations
 26013 | Lair:5   | Found a staircase to the Slime Pits.
 26013 | Lair:5   | Found a viscous altar of Jiyva.
 26772 | Lair:5   | Reached skill level 5 in Hexes
 26872 | Lair:5   | Reached skill level 14 in Conjurations
 27407 | Lair:5   | Reached XP level 15. HP: 90/90 MP: 14/26
 27452 | Lair:5   | Reached skill level 15 in Conjurations
 27598 | Lair:5   | Received a gift from Nemelex Xobeh
 28607 | Lair:5   | Found a runed translucent door.
 29073 | Lair:5   | Reached skill level 16 in Conjurations
 29868 | D:13     | Found a runed translucent gate.
 29869 | D:13     | Found a runed translucent gate.
 29870 | D:13     | Found a runed translucent gate.
 29871 | D:13     | Found an ancient bone altar of Kikubaaqudgha.
 29871 | D:13     | Noticed a lich
 29872 | D:13     | Noticed a lich
 29872 | D:13     | Noticed monsoonserge's ghost (journeyman MiFi)
 29872 | D:13     | Noticed a lich
 29872 | D:13     | Noticed a lich
 30374 | D:13     | Found a glowing golden altar of the Shining One.
 31107 | D:14     | Received a gift from Nemelex Xobeh
 31148 | D:14     | Reached skill level 17 in Conjurations
 31540 | D:14     | You are sucked into a shaft and drop 1 floor!
 31540 | D:15     | Entered Level 15 of the Dungeon
 32183 | D:14     | Found a gate to the Vaults.
 32612 | D:15     | Received a gift from Nemelex Xobeh
 32629 | D:15     | Found an ancient bone altar of Kikubaaqudgha.
 32875 | D:15     | Received a gift from Nemelex Xobeh
 34252 | D:15     | Found a staircase to the Depths.
 34647 | D:15     | Reached skill level 10 in Fighting
 34959 | D:15     | Received a gift from Nemelex Xobeh
 35619 | Orc:1    | Received a gift from Nemelex Xobeh
 35698 | Orc:2    | Identified the -1 long sword "Hellblazer" {pain, rN+}
 35797 | Orc:2    | Killed Azrael
 36364 | Orc:2    | Reached XP level 16. HP: 98/98 MP: 27/27
 36803 | Orc:2    | Found Vuddew's Assorted Antiques.
 36803 | Orc:2    | Found Qunisept's Magic Scroll Emporium.
 36805 | Orc:2    | Found Wiuclulis's Antique Armour Shop.
 36805 | Orc:2    | Found Obisej's Weapon Emporium.
 36828 | Orc:2    | Bought the +10 flail of Moral Flaws {heavy, Fragile rPois
                  | rC+++} for 1259 gold pieces
 36830 | Orc:2    | Bought a distressingly furry robe for 188 gold pieces
 36830 | Orc:2    | Identified the +1 robe "Irakamur" {Harm rN+ Str-2} (You
                  | bought it in a shop on level 2 of the Orcish Mines)
 37711 | Spider:1 | Entered Level 1 of the Spider Nest
 38066 | Swamp:1  | Entered Level 1 of the Swamp
 38100 | Swamp:1  | Reached skill level 1 in Maces & Flails
 38221 | Swamp:1  | Identified the +11 long sword "Fafiygg" {venom, rPois}
 38308 | Swamp:1  | Reached skill level 1 in Long Blades
 38419 | Swamp:1  | Noticed a fenstrider witch
 39109 | Swamp:1  | Noticed Louise
 39299 | Lair:3   | Paralysed by a fenstrider witch for 4 turns
 39305 | Lair:3   | Banished a fenstrider witch
 39512 | Swamp:1  | Killed Louise
 39513 | Swamp:1  | Reached skill level 5 in Long Blades
 39605 | Swamp:1  | Received a gift from Nemelex Xobeh
 39778 | Swamp:1  | Mangled by a bunyip

Illustrated notes

Levels and vault maps discovered:
D:1:      scummos_arrival_gate, layout_rooms,
          nicolae_concentric_dashed_squares_mild
D:2:      layout_loops_ring, basic_altar, uniq_jessica, uniq_sigmund,
          uniq_natasha
D:3:      minmay_general_purpose_star, layout_loops_ring,
          mainiacjoe_overflow_small_starburst, grunt_ministairs_15
D:4:      layout_rooms, minmay_temple_entry_crystal_x, serial_shops,
          nicolae_shop_getting_attention, serial_aquarium,
          aquarium_bridge_island_small [aquarium_subvault_small_open,
          aquarium_subvault_bridge, aquarium_subvault_wall,
          aquarium_subvault_bridge, aquarium_subvault_bridge],
          aquarium_window_fake, aquarium_window_2, aquarium_window_fake,
          aquarium_window_2, aquarium_view_2d, aquarium_view_2b, corner_web_ring
D:5:      layout_cave_pools, overflow_temple_1_default, chei_slow_surprise,
          hangedman_feature_mirror, minmay_misc_feat_cross
D:6:      layout_basic, mainiacjoe_overflow_chevrons,
          mainiacjoe_overflow_cross_hatched, gup_sewer_entry_bubbles,
          uniq_grinder
D:7:      nzn_winding_woodlands_medium [nzn_winding_woodlands_5x5_default,
          nzn_winding_woodlands_5x15_lazy_stream,
          nzn_winding_woodlands_5x5_closed_star,
          nzn_winding_woodlands_5x5_perimeter,
          nzn_winding_woodlands_center_lodge,
          nzn_winding_woodlands_5x5_checkerboard,
          nzn_winding_woodlands_5x5_open_star,
          nzn_winding_woodlands_5x15_zeroes, nzn_winding_woodlands_5x5_cross],
          layout_basic
D:8:      layout_gridville, nicolae_yredelemnul_corpse_copse, uniq_grum,
          uniq_maurice, uniq_psyche
D:9:      layout_roguey
D:10:     layout_cave_pods, mainiacjoe_overflow_brackets, bloody_makhleb,
          hellmonk_lair_entry_icy, minmay_protected_statue
D:11:     layout_long_grid, serial_glass, glass_columns_a, glass_columns_a
D:12:     minmay_evil_eye, layout_cave_pods, orc_0_dummy
D:13:     layout_long_grid, gammafunk_ghost_crypt, tso_oasis_becter
D:14:     layout_basic, david_vaults_1, kennysheep_doodads
D:15:     gammafunk_enter_depths_forms, layout_basic, kiku_gazebo_garden_becter,
          grunt_ministairs_5
Temple:   nicolae_temple_great_sept
Lair:1:   layout_roguey [special_room_bee], serial_bayou_shore_a,
          grunt_megastairs_1, infiniplex_staircase_pool
Lair:2:   layout_gridlike, spider_nest_entry_a, serial_bayou_lake_a, uniq_maggie
Lair:3:   layout_loops_ring, swamp_mist_pool, infiniplex_staircase_pool_2,
          grunt_megastairs_3
Lair:4:   beast_lair_carwin_large_2, layout_hall_layers, minivault_26,
          chequers_serial_rivers_micro_b, uniq_sonja
Lair:5:   wormcave, layout_small_grid, guppyfry_lair_end_dragon,
          minmay_slime_entry_pillars, serial_bayou_shore_b
Swamp:1:  layout_basic_swamp, evilmike_swamp_ruin_house_6, st_swamp_ruins_1,
          uniq_louise
Spider:1: layout_spider_delve, drop_trap, hellmonk_deceptive_appearances,
          uniq_frances
Orc:1:    layout_caves, serial_shops, nicolae_square_shop,
          nicolae_shop_vocational
Orc:2:    grunt_orc_tribal_feast, layout_caves, serial_shops,
          nicolae_shop_dealshenge, uniq_donald, uniq_azrael

Skill      XL: |  1  2  3  4  5  6  7  8  9 10 11 12 13 14 15 16 |
---------------+-------------------------------------------------+-----
Conjurations   | 2 6 7 8 9 10 11 14 17 | 17.9
Fire Magic     | 4 8 9 10 11 12 13 14 | 14.0
Fighting       | 4 5 6 7 8 9 10 | 10.9
Dodging        | 5 6 7 8 9 10 11 12 | 12.1
Hexes          | 1 2 3 5 |  5.0
Spellcasting   | 5 6 7 |  7.0
Earth Magic    | 2 |  2.4
Air Magic      | 3 |  3.4
Transmutations | 2 |  2.1
Poison Magic   | 2 |  2.4
Invocations    | 7 8 9 |  9.5
Shields        | 4 |  4.0
Maces & Flails | 3 |  3.2
Long Blades    | 5 |  5.2
Stealth        | |  2.0

Action                     |  1- 3 |  4- 6 |  7- 9 | 10-12 | 13-15 | 16-18 || total
---------------------------+-------+-------+-------+-------+-------+-------++-------
  Melee: Unarmed           |     2 |       |       |       |       |       ||     2
         Dagger            |    14 |    25 |    44 |    11 |       |       ||    94
         Kick              |     3 |     7 |    17 |     6 |     5 |     1 ||    39
         Punch             |     1 |       |     2 |       |       |       ||     3
         Peck              |     2 |     2 |     8 |     5 |     4 |     1 ||    22
         Staff             |       |       |     7 |     5 |     9 |       ||    21
         Flail             |       |       |       |       |       |     2 ||     2
   Cast: Foxfire           |    36 |    23 |   100 |   140 |   196 |    39 ||   534
         Scorch            |     6 |    22 |    79 |   152 |   253 |    20 ||   532
         Inner Flame       |       |       |    13 |    62 |    77 |     5 ||   157
         Flame Wave        |       |       |     2 |    29 |    62 |    11 ||   104
         Stone Arrow       |       |       |       |    40 |   201 |    55 ||   296
         Mephitic Cloud    |       |       |       |     1 |     4 |     1 ||     6
         Ignite Poison     |       |       |       |     1 |     3 |       ||     4
         Fulminant Prism   |       |       |       |       |    45 |     9 ||    54
 Invoke: Draw Destruction  |       |       |       |    13 |    58 |     7 ||    78
         Draw Summoning    |       |       |       |     4 |     9 |     3 ||    16
         Draw Escape       |       |       |       |     2 |     5 |     1 ||     8
         Triple Draw       |       |       |       |       |     1 |       ||     1
         Deal Four         |       |       |       |       |     1 |       ||     1
    Use: Scroll            |     2 |     5 |    11 |    17 |    12 |     1 ||    48
         Potion            |     1 |       |       |       |     7 |     2 ||    10
 Armour: Robe              |     4 |     2 |    12 |    43 |    96 |    13 ||   170
  Dodge: Dodged            |    15 |    25 |    54 |   139 |   403 |    75 ||   711
  Block: Buckler           |       |       |       |    18 |    79 |       ||    97
         Reflection        |       |       |       |       |    11 |       ||    11
         Orb               |       |       |       |       |    73 |     9 ||    82
